 Dungeon Crawl Stone Soup version 0.25-a0-930-g9f5dfa9815 (webtiles) character file.

Game seed: 14821170547631211971, levelgen mode: classic

7 Amnesiac the Chiller (level 2, 0/20 HPs)
             Began as a Ghoul Ice Elementalist on May 4, 2020.
             Slain by a goblin (2 damage)
             ... led by Robin
             ... on level 3 of the Dungeon.
             The game lasted 00:00:32 (224 turns).

Amnesiac the Chiller (Ghoul Ice Elementalist)        Turns: 224, Time: 00:00:33

Health: 0/20       AC:  2    Str: 11    XL:     2   Next: 0%
Magic:  4/4        EV: 12    Int: 10    God:
Gold:   9          SH:  0    Dex:  9    Spells: 4/5 levels left

rFire    . . .     SeeInvis .   e - +0 dagger
rCold    + . .     Gourm    .   (no shield)
rNeg     + + +     Faith    .   a - +0 robe
rPois    ∞         Spirit   .   (no helmet)
rElec    .         Reflect  .   (no cloak)
rCorr    .         Harm     .   (no gloves)
MR       .....                  (no boots)
Stlth    ++........             (no amulet)
HPRegen  0.00/turn              (no ring)
MPRegen  0.09/turn              (no ring)

@: rotting
A: rotting body, claws 1, carnivore, cold resistance 1, negative energy
resistance 3, inhibited regeneration, torment resistance, unbreathing
a: no special abilities


You were on level 3 of the Dungeon.
You were not hungry.

You visited 1 branch of the dungeon, and saw 3 of its levels.

You collected 9 gold pieces.

Inventory:

Hand Weapons
 e - a +0 dagger (weapon)
Missiles
 d - 29 stones (quivered)
Armour
 a - a +0 robe (worn)
Comestibles
 b - 4 chunks of flesh
 c - a ration


   Skills:
 - Level 1.7 Dodging
 - Level 2.1 Stealth
 + Level 2.0 Spellcasting
 * Level 4.7 Ice Magic


You had 4 spell levels left.
You knew the following spells:

 Your Spells              Type           Power        Failure   Level  Hunger
a - Freeze                Ice            ##..         4%          1    ##.....

Your spell library contained the following spells:

 Spells                   Type           Power        Failure   Level  Hunger
 Frozen Ramparts          Ice            ##....       14%         3    ####...
 Ozocubu's Armour         Chrm/Ice       #.......     34%         3    ####...
 Hailstorm                Conj/Ice       #.......     75%         4    #####..
 Summon Ice Beast         Ice/Summ       #.......     75%         4    #####..


Dungeon Overview and Level Annotations

Branches:
Dungeon (3/15)

Altars:

Annotations:
D:3 Robin, Terence


Innate Abilities, Weirdness & Mutations

Your body is rotting away.
You thrive on raw meat.
You are immune to poison.
You have sharp fingernails.
You are carnivorous and can eat meat at any time.
Your flesh is cold resistant. (rC+)
You are immune to negative energy. (rN+++)
You do not regenerate when monsters are visible.
You are immune to unholy pain and torment.
You can survive without breathing.


Message History

You freeze the kobold.
You kill the kobold!
Your Spellcasting skill increases to level 2!
You have reached level 2!
d - 28 stones (gained 2)
Things that are here:
a +0 dagger; a kobold corpse
e - a +0 dagger
e - a +0 dagger (weapon)
Eating one of 2 chunks of flesh.
You eat one of the 2 chunks of flesh.
You feel more resilient.
This raw flesh tastes great!
HP restored.
You butcher the kobold corpse.
b - 4 chunks of flesh (gained 3)
You see here a kobold skeleton. x2
d - 29 stones (gained 1)
There is an empty arch of ancient stone here.
There is an empty arch of ancient stone here.
Found a stone staircase leading down.
Found a stone staircase leading down.
A bat comes into view.
The bat barely misses you.
The teleport trap disappears.
The bat disappears!
There is a stone staircase leading down here.
You climb downwards.
Found an escape hatch in the floor.
There is a stone staircase leading up here.
Found a stone staircase leading down.
There is an escape hatch in the floor here.
You slide downwards.
The hatch slams shut behind you.
A rat, 4 goblins and Terence come into view.
The goblin shouts!
You hear a shout!
Terence shouts!
Found 11 bolts. 2 goblins, 2 hobgoblins and Robin come into view.
The goblin shouts!
You hear a shout!
A frilled lizard comes into view.
A goblin comes into view.
The hobgoblin moves out of view. 2 goblins and a hobgoblin come into view.
The hobgoblin shouts!
The goblin shouts! x2; The hobgoblin shouts!
The goblin moves out of view.
The goblin shouts!
Found a scroll labeled YMYUDI OSOI.
The goblin barely misses you. Robin throws the goblin at you!
The goblin hits you with a +0 club.
Unknown command.
The hobgoblin misses you.
The hobgoblin hits you but does no damage.
The goblin misses you. The goblin hits you. The hobgoblin hits you.
Robin throws the goblin at you! The goblin misses you.
The hobgoblin hits you with a +0 club.
* * * LOW HITPOINT WARNING * * *
The goblin hits you.
* * * LOW HITPOINT WARNING * * *
Robin throws the goblin at you! The hobgoblin hits you.
* * * LOW HITPOINT WARNING * * *
Unknown command.
Robin hits you with a +0 dagger.
* * * LOW HITPOINT WARNING * * *
The hobgoblin hits you with a +0 club.
* * * LOW HITPOINT WARNING * * *
Unknown command.
The goblin closely misses you.
Unknown command.
The hobgoblin misses you. The goblin misses you. The goblin hits you.
You die...

. #... #....#
#....#
#....#####
#........# ##+#
#...gg@.#
#...###..(@ggg#
+.........gggg#
#.......rg.lgg#
#...........g.#
...###.#######
#.# #.# #r#


You could see Terence, Robin, 3 hobgoblins, 9 goblins, a frilled lizard and a
rat.

Vanquished Creatures
  A giant cockroach (D:1)
  A kobold (D:1)
  A bat (D:1)
  A frilled lizard (D:1)
  4 rats (D:1)
8 creatures vanquished.

Notes
Turn   | Place    | Note
-------+----------+-------------------------------------------
     0 | D:1      | Amnesiac the Ghoul Ice Elementalist began the quest for the
                  | Orb.
     0 | D:1      | Reached XP level 1. HP: 14/14 MP: 2/2
    83 | D:1      | Reached XP level 2. HP: 19/19 MP: 0/4
   215 | D:3      | Noticed Terence
   216 | D:3      | Noticed Robin
   224 | D:3      | Slain by a goblin

Levels and vault maps discovered:
D:1:      heliophobic_arrival_enchanted_forest, layout_basic,
          minmay_misc_feat_encased, minivault_4
D:2:      layout_rooms, grunt_dithmenos_smoke_and_mirrors, bloody_makhleb
D:3:      layout_basic, nemelex_altar_shiori, lemuel_altar_in_water, uniq_robin,
          uniq_ijyb, uniq_terence

Skill      XL: |  1 |
---------------+----+-----
Spellcasting   | 2 |  2.0
Dodging        | |  1.7
Stealth        | |  2.1
Ice Magic      | |  4.7

Action                   || total
-------------------------++-------
Melee: Unarmed           ||     8
 Cast: Freeze            ||     6
  Eat: Chunk             ||     1
Armor: Robe              ||     2
Dodge: Dodged            ||    16

Table legend:
 A = Non-vault XP
 B = Vault XP
 C = Vault XP percentage of total XP
 D = Non-vault monster count
 E = Vault monster count
 F = Vault count percentage of total count
                 A         B        C        D         E       F
            +---------+---------+-------+---------+---------+-------
      Total |      10 |       0 |   0.0 |       8 |       0 |   0.0
            +---------+---------+-------+---------+---------+-------
        D:1 |      10 |       0 |   0.0 |       8 |       0 |   0.0
            +---------+---------+-------+---------+---------+-------
